Workbook

Sheet Januar
A1: SoVD - Landesverband Schleswig-Holstein e.V. Kassenbuch - Journal - Ortsverband: Jahr: Januar 2026
E2: Bestandskonten | K2: Einnahmekonten | N2: Ausgabekonten
A3: Datum | B3: Beleg Nr. | C3: Konto Nr. | D3: Vorgang | E3: Bank | F3: Bank | G3: Kasse | H3: Kasse | I3: Sparbuch | J3: Sparbuch | K3: Einnahmen | L3: Einnahmen | M3: Einnahmen | N3: Ausgaben | O3: Ausgaben | P3: Ausgaben
E4: € Ein | F4: € Aus | G4: € Ein | H4: € Aus | I4: € Ein | J4: € Aus | K4: 10 | L4: 30 | M4: 40 | N4: 70 | O4: 80 | P4: 90
K5: Mitgliedsbeiträge | L5: Spenden | M5: Zinsen | N5: Büromiete | O5: Mitgliederverwaltung | P5: Veranstaltungen
A6: 46022 | D6: Anfangsbestand
D27: Summen | E27: =SUM(E6:E25) -> 0 | F27: =SUM(F6:F25) -> 0 | G27: =SUM(G6:G25) -> 0 | H27: =SUM(H6:H25) -> 0 | I27: =SUM(I6:I25) -> 0 | J27: =SUM(J6:J25) -> 0 | K27: =SUM(K6:K25) -> 0 | L27: =SUM(L6:L25) -> 0 | ... P27: =SUM(P6:P25) -> 0
E32: Bankbestand: | G32: Kassenbestand: | I32: Bestand Sparbuch: | K32: Gesamte Einnahmen: | N32: Gesamte Ausgaben:
K33: Mitgliedsbeiträge | L33: =K27 -> 0 | N33: Büromiete | O33: =N27 -> 0
E34: Einnahmen | F34: =E27 -> 0 | G34: Einnahmen | H34: =G27 -> 0 | I34: Einnahmen | J34: =I27 -> 0 | K34: Spenden | L34: =L27 -> 0 | N34: Mitgliederverwaltung | O34: =O27 -> 0
E35: Ausgaben | F35: =F27 -> 0 | G35: Ausgaben | H35: =H27 -> 0 | I35: Ausgaben | J35: =J27 -> 0 | K35: Zinsen | L35: =M27 -> 0 | N35: Veranstaltungen | O35: =P27 -> 0
D36: Gesamt | E36: Bestand | F36: =F34-F35 -> 0 | G36: Bestand | H36: =H34-H35 -> 0 | I36: Bestand | J36: =J34-J35 -> 0 | K36: Gesamt | L36: =SUM(L33:L35) -> 0 | N36: Gesamt | O36: =SUM(O33:O35) -> 0
E38: Nachweis in: | G38: Nachweis in: | I38: Nachweis in:
E39: Kontoauszüge | G39: Kassenbuch/Journal | I39: Sparbuch
E41: Ergebnis: | G41: Anfangsbestand: | I41: =E6+G6+I6 -> 0 | K41: Ergebnis / Kontrollrechnung | M41: Überschuss | N41: =L36-O36 -> 0
G42: Endbestand: | I42: =F36+H36+J36 -> 0 | N42: Ergebnis muss übereinstimmen
G43: Überschuss | I43: =I42-I41 -> 0

Sheet Februar
A1: SoVD - Landesverband Schleswig-Holstein e.V. Kassenbuch - Journal - Ortsverband: Jahr: Februar 2026
E2: Bestandskonten | K2: Einnahmekonten | N2: Ausgabekonten
A3: Datum | B3: Beleg Nr. | C3: Konto Nr. | D3: Vorgang | E3: Bank | F3: Bank | G3: Kasse | H3: Kasse | I3: Sparbuch | J3: Sparbuch | K3: Einnahmen | L3: Einnahmen | M3: Einnahmen | N3: Ausgaben | O3: Ausgaben | P3: Ausgaben
E4: € Ein | F4: € Aus | G4: € Ein | H4: € Aus | I4: € Ein | J4: € Aus | K4: 10 | L4: 30 | M4: 40 | N4: 70 | O4: 80 | P4: 90
K5: Mitgliedsbeiträge | L5: Spenden | M5: Zinsen | N5: Büromiete | O5: Mitgliederverwaltung | P5: Veranstaltungen
A6: 46053 | D6: Übertrag | E6: =Januar!F36 -> 0 | G6: =Januar!H36 -> 0 | I6: =Januar!J36 -> 0
D27: Summen | E27: =SUM(E6:E25) -> 0 | F27: =SUM(F6:F25) -> 0 | G27: =SUM(G6:G25) -> 0 | H27: =SUM(H6:H25) -> 0 | I27: =SUM(I6:I25) -> 0 | J27: =SUM(J6:J25) -> 0 | K27: =SUM(K6:K25) -> 0 | L27: =SUM(L6:L25) -> 0 | ... P27: =SUM(P6:P25) -> 0
E32: Bankbestand: | G32: Kassenbestand: | I32: Bestand Sparbuch: | K32: Gesamte Einnahmen: | N32: Gesamte Ausgaben:
K33: Mitgliedsbeiträge | L33: =K27 -> 0 | N33: Büromiete | O33: =N27 -> 0
E34: Einnahmen | F34: =E27 -> 0 | G34: Einnahmen | H34: =G27 -> 0 | I34: Einnahmen | J34: =I27 -> 0 | K34: Spenden | L34: =L27 -> 0 | N34: Mitgliederverwaltung | O34: =O27 -> 0
E35: Ausgaben | F35: =F27 -> 0 | G35: Ausgaben | H35: =H27 -> 0 | I35: Ausgaben | J35: =J27 -> 0 | K35: Zinsen | L35: =M27 -> 0 | N35: Veranstaltungen | O35: =P27 -> 0
D36: Gesamt | E36: Bestand | F36: =F34-F35 -> 0 | G36: Bestand | H36: =H34-H35 -> 0 | I36: Bestand | J36: =J34-J35 -> 0 | K36: Gesamt | L36: =SUM(L33:L35) -> 0 | N36: Gesamt | O36: =SUM(O33:O35) -> 0
E38: Nachweis in: | G38: Nachweis in: | I38: Nachweis in:
E39: Kontoauszüge | G39: Kassenbuch/Journal | I39: Sparbuch
E41: Ergebnis: | G41: Anfangsbestand: | I41: =E6+G6+I6 -> 0 | K41: Ergebnis / Kontrollrechnung | M41: Überschuss | N41: =L36-O36 -> 0
G42: Endbestand: | I42: =F36+H36+J36 -> 0 | N42: Ergebnis muss übereinstimmen
G43: Überschuss | I43: =I42-I41 -> 0

Sheet März
A1: SoVD - Landesverband Schleswig-Holstein e.V. Kassenbuch - Journal - Ortsverband: Jahr: März 2026
E2: Bestandskonten | K2: Einnahmekonten | N2: Ausgabekonten
A3: Datum | B3: Beleg Nr. | C3: Konto Nr. | D3: Vorgang | E3: Bank | F3: Bank | G3: Kasse | H3: Kasse | I3: Sparbuch | J3: Sparbuch | K3: Einnahmen | L3: Einnahmen | M3: Einnahmen | N3: Ausgaben | O3: Ausgaben | P3: Ausgaben
E4: € Ein | F4: € Aus | G4: € Ein | H4: € Aus | I4: € Ein | J4: € Aus | K4: 10 | L4: 30 | M4: 40 | N4: 70 | O4: 80 | P4: 90
K5: Mitgliedsbeiträge | L5: Spenden | M5: Zinsen | N5: Büromiete | O5: Mitgliederverwaltung | P5: Veranstaltungen
A6: 46081 | D6: Übertrag | E6: =Februar!F36 -> 0 | G6: =Februar!H36 -> 0 | I6: =Februar!J36 -> 0
D27: Summen | E27: =SUM(E6:E25) -> 0 | F27: =SUM(F6:F25) -> 0 | G27: =SUM(G6:G25) -> 0 | H27: =SUM(H6:H25) -> 0 | I27: =SUM(I6:I25) -> 0 | J27: =SUM(J6:J25) -> 0 | K27: =SUM(K6:K25) -> 0 | L27: =SUM(L6:L25) -> 0 | ... P27: =SUM(P6:P25) -> 0
E32: Bankbestand: | G32: Kassenbestand: | I32: Bestand Sparbuch: | K32: Gesamte Einnahmen: | N32: Gesamte Ausgaben:
K33: Mitgliedsbeiträge | L33: =K27 -> 0 | N33: Büromiete | O33: =N27 -> 0
E34: Einnahmen | F34: =E27 -> 0 | G34: Einnahmen | H34: =G27 -> 0 | I34: Einnahmen | J34: =I27 -> 0 | K34: Spenden | L34: =L27 -> 0 | N34: Mitgliederverwaltung | O34: =O27 -> 0
E35: Ausgaben | F35: =F27 -> 0 | G35: Ausgaben | H35: =H27 -> 0 | I35: Ausgaben | J35: =J27 -> 0 | K35: Zinsen | L35: =M27 -> 0 | N35: Veranstaltungen | O35: =P27 -> 0
D36: Gesamt | E36: Bestand | F36: =F34-F35 -> 0 | G36: Bestand | H36: =H34-H35 -> 0 | I36: Bestand | J36: =J34-J35 -> 0 | K36: Gesamt | L36: =SUM(L33:L35) -> 0 | N36: Gesamt | O36: =SUM(O33:O35) -> 0
E38: Nachweis in: | G38: Nachweis in: | I38: Nachweis in:
E39: Kontoauszüge | G39: Kassenbuch/Journal | I39: Sparbuch
E41: Ergebnis: | G41: Anfangsbestand: | I41: =E6+G6+I6 -> 0 | K41: Ergebnis / Kontrollrechnung | M41: Überschuss | N41: =L36-O36 -> 0
G42: Endbestand: | I42: =F36+H36+J36 -> 0 | N42: Ergebnis muss übereinstimmen
G43: Überschuss | I43: =I42-I41 -> 0

Sheet April
A1: SoVD - Landesverband Schleswig-Holstein e.V. Kassenbuch - Journal - Ortsverband: Jahr: April 2026
E2: Bestandskonten | K2: Einnahmekonten | N2: Ausgabekonten
A3: Datum | B3: Beleg Nr. | C3: Konto Nr. | D3: Vorgang | E3: Bank | F3: Bank | G3: Kasse | H3: Kasse | I3: Sparbuch | J3: Sparbuch | K3: Einnahmen | L3: Einnahmen | M3: Einnahmen | N3: Ausgaben | O3: Ausgaben | P3: Ausgaben
E4: € Ein | F4: € Aus | G4: € Ein | H4: € Aus | I4: € Ein | J4: € Aus | K4: 10 | L4: 30 | M4: 40 | N4: 70 | O4: 80 | P4: 90
K5: Mitgliedsbeiträge | L5: Spenden | M5: Zinsen | N5: Büromiete | O5: Mitgliederverwaltung | P5: Veranstaltungen
A6: 46112 | D6: Übertrag | E6: =März!F36 -> 0 | G6: =März!H36 -> 0 | I6: =März!J36 -> 0
D27: Summen | E27: =SUM(E6:E25) -> 0 | F27: =SUM(F6:F25) -> 0 | G27: =SUM(G6:G25) -> 0 | H27: =SUM(H6:H25) -> 0 | I27: =SUM(I6:I25) -> 0 | J27: =SUM(J6:J25) -> 0 | K27: =SUM(K6:K25) -> 0 | L27: =SUM(L6:L25) -> 0 | ... P27: =SUM(P6:P25) -> 0
E32: Bankbestand: | G32: Kassenbestand: | I32: Bestand Sparbuch: | K32: Gesamte Einnahmen: | N32: Gesamte Ausgaben:
K33: Mitgliedsbeiträge | L33: =K27 -> 0 | N33: Büromiete | O33: =N27 -> 0
E34: Einnahmen | F34: =E27 -> 0 | G34: Einnahmen | H34: =G27 -> 0 | I34: Einnahmen | J34: =I27 -> 0 | K34: Spenden | L34: =L27 -> 0 | N34: Mitgliederverwaltung | O34: =O27 -> 0
E35: Ausgaben | F35: =F27 -> 0 | G35: Ausgaben | H35: =H27 -> 0 | I35: Ausgaben | J35: =J27 -> 0 | K35: Zinsen | L35: =M27 -> 0 | N35: Veranstaltungen | O35: =P27 -> 0
D36: Gesamt | E36: Bestand | F36: =F34-F35 -> 0 | G36: Bestand | H36: =H34-H35 -> 0 | I36: Bestand | J36: =J34-J35 -> 0 | K36: Gesamt | L36: =SUM(L33:L35) -> 0 | N36: Gesamt | O36: =SUM(O33:O35) -> 0
E38: Nachweis in: | G38: Nachweis in: | I38: Nachweis in:
E39: Kontoauszüge | G39: Kassenbuch/Journal | I39: Sparbuch
E41: Ergebnis: | G41: Anfangsbestand: | I41: =E6+G6+I6 -> 0 | K41: Ergebnis / Kontrollrechnung | M41: Überschuss | N41: =L36-O36 -> 0
G42: Endbestand: | I42: =F36+H36+J36 -> 0 | N42: Ergebnis muss übereinstimmen
G43: Überschuss | I43: =I42-I41 -> 0

Sheet Mai
A1: SoVD - Landesverband Schleswig-Holstein e.V. Kassenbuch - Journal - Ortsverband: Jahr: Mai 2026
E2: Bestandskonten | K2: Einnahmekonten | N2: Ausgabekonten
A3: Datum | B3: Beleg Nr. | C3: Konto Nr. | D3: Vorgang | E3: Bank | F3: Bank | G3: Kasse | H3: Kasse | I3: Sparbuch | J3: Sparbuch | K3: Einnahmen | L3: Einnahmen | M3: Einnahmen | N3: Ausgaben | O3: Ausgaben | P3: Ausgaben
E4: € Ein | F4: € Aus | G4: € Ein | H4: € Aus | I4: € Ein | J4: € Aus | K4: 10 | L4: 30 | M4: 40 | N4: 70 | O4: 80 | P4: 90
K5: Mitgliedsbeiträge | L5: Spenden | M5: Zinsen | N5: Büromiete | O5: Mitgliederverwaltung | P5: Veranstaltungen
A6: 46142 | D6: Übertrag | E6: =April!F36 -> 0 | G6: =April!H36 -> 0 | I6: =April!J36 -> 0
D28: Summen | E28: =SUM(E6:E26) -> 0 | F28: =SUM(F6:F26) -> 0 | G28: =SUM(G6:G26) -> 0 | H28: =SUM(H6:H26) -> 0 | I28: =SUM(I6:I26) -> 0 | J28: =SUM(J6:J26) -> 0 | K28: =SUM(K6:K26) -> 0 | L28: =SUM(L6:L26) -> 0 | ... P28: =SUM(P6:P26) -> 0
E33: Bankbestand: | G33: Kassenbestand: | I33: Bestand Sparbuch: | K33: Gesamte Einnahmen: | N33: Gesamte Ausgaben:
K34: Mitgliedsbeiträge | L34: =K28 -> 0 | N34: Büromiete | O34: =N28 -> 0
E35: Einnahmen | F35: =E28 -> 0 | G35: Einnahmen | H35: =G28 -> 0 | I35: Einnahmen | J35: =I28 -> 0 | K35: Spenden | L35: =L28 -> 0 | N35: Mitgliederverwaltung | O35: =O28 -> 0
E36: Ausgaben | F36: =F28 -> 0 | G36: Ausgaben | H36: =H28 -> 0 | I36: Ausgaben | J36: =J28 -> 0 | K36: Zinsen | L36: =M28 -> 0 | N36: Veranstaltungen | O36: =P28 -> 0
D37: Gesamt | E37: Bestand | F37: =F35-F36 -> 0 | G37: Bestand | H37: =H35-H36 -> 0 | I37: Bestand | J37: =J35-J36 -> 0 | K37: Gesamt | L37: =SUM(L34:L36) -> 0 | N37: Gesamt | O37: =SUM(O34:O36) -> 0
E39: Nachweis in: | G39: Nachweis in: | I39: Nachweis in:
E40: Kontoauszüge | G40: Kassenbuch/Journal | I40: Sparbuch
E42: Ergebnis: | G42: Anfangsbestand: | I42: =E6+G6+I6 -> 0 | K42: Ergebnis / Kontrollrechnung | M42: Überschuss | N42: =L37-O37 -> 0
G43: Endbestand: | I43: =F37+H37+J37 -> 0 | N43: Ergebnis muss übereinstimmen
G44: Überschuss | I44: =I43-I42 -> 0

Sheet Juni
A1: SoVD - Landesverband Schleswig-Holstein e.V. Kassenbuch - Journal - Ortsverband: Jahr: Juni 2026
E2: Bestandskonten | K2: Einnahmekonten | N2: Ausgabekonten
A3: Datum | B3: Beleg Nr. | C3: Konro Nr. | D3: Vorgang | E3: Bank | F3: Bank | G3: Kasse | H3: Kasse | I3: Sparbuch | J3: Sparbuch | K3: Einnahmen | L3: Einnahmen | M3: Einnahmen | N3: Ausgaben | O3: Ausgaben | P3: Ausgaben
E4: € Ein | F4: € Aus | G4: € Ein | H4: € Aus | I4: € Ein | J4: € Aus | K4: 10 | L4: 30 | M4: 40 | N4: 70 | O4: 80 | P4: 90
K5: Mitgliedsbeiträge | L5: Spenden | M5: Zinsen | N5: Büromiete | O5: Mitgliederverwaltung | P5: Veranstaltungen
A6: 46173 | E6: =Mai!F37 -> 0 | G6: =Mai!H37 -> 0 | I6: =Mai!J37 -> 0
D27: Summen | E27: =SUM(E6:E25) -> 0 | F27: =SUM(F6:F25) -> 0 | G27: =SUM(G6:G25) -> 0 | H27: =SUM(H6:H25) -> 0 | I27: =SUM(I6:I25) -> 0 | J27: =SUM(J6:J25) -> 0 | K27: =SUM(K6:K25) -> 0 | L27: =SUM(L6:L25) -> 0 | ... P27: =SUM(P6:P25) -> 0
E32: Bankbestand: | G32: Kassenbestand: | I32: Bestand Sparbuch: | K32: Gesamte Einnahmen: | N32: Gesamte Ausgaben:
K33: Mitgliedsbeiträge | L33: =K27 -> 0 | N33: Büromiete | O33: =N27 -> 0
E34: Einnahmen | F34: =E27 -> 0 | G34: Einnahmen | H34: =G27 -> 0 | I34: Einnahmen | J34: =I27 -> 0 | K34: Spenden | L34: =L27 -> 0 | N34: Mitgliederverwaltung | O34: =O27 -> 0
E35: Ausgaben | F35: =F27 -> 0 | G35: Ausgaben | H35: =H27 -> 0 | I35: Ausgaben | J35: =J27 -> 0 | K35: Zinsen | L35: =M27 -> 0 | N35: Veranstaltungen | O35: =P27 -> 0
D36: Gesamt | E36: Bestand | F36: =F34-F35 -> 0 | G36: Bestand | H36: =H34-H35 -> 0 | I36: Bestand | J36: =J34-J35 -> 0 | K36: Gesamt | L36: =SUM(L33:L35) -> 0 | N36: Gesamt | O36: =SUM(O33:O35) -> 0
E38: Nachweis in: | G38: Nachweis in: | I38: Nachweis in:
E39: Kontoauszüge | G39: Kassenbuch/Journal | I39: Sparbuch
E41: Ergebnis: | G41: Anfangsbestand: | I41: =E6+G6+I6 -> 0 | K41: Ergebnis / Kontrollrechnung | M41: Überschuss | N41: =L36-O36 -> 0
G42: Endbestand: | I42: =F36+H36+J36 -> 0 | N42: Ergebnis muss übereinstimmen
G43: Überschuss | I43: =I42-I41 -> 0

Sheet Juli
A1: SoVD - Landesverband Schleswig-Holstein e.V. Kassenbuch - Journal - Ortsverband: Jahr: Juli 2026
E2: Bestandskonten | K2: Einnahmekonten | N2: Ausgabekonten
A3: Datum | B3: Beleg Nr. | C3: Konto Nr. | D3: Vorgang | E3: Bank | F3: Bank | G3: Kasse | H3: Kasse | I3: Sparbuch | J3: Sparbuch | K3: Einnahmen | L3: Einnahmen | M3: Einnahmen | N3: Ausgaben | O3: Ausgaben | P3: Ausgaben
E4: € Ein | F4: € Aus | G4: € Ein | H4: € Aus | I4: € Ein | J4: € Aus | K4: 10 | L4: 30 | M4: 40 | N4: 70 | O4: 80 | P4: 90
K5: Mitgliedsbeiträge | L5: Spenden | M5: Zinsen | N5: Büromiete | O5: Mitgliederverwaltung | P5: Veranstaltungen
A6: 46203 | E6: =Juni!F36 -> 0 | G6: =Juni!H36 -> 0 | I6: =Juni!J36 -> 0
D27: Summen | E27: =SUM(E6:E25) -> 0 | F27: =SUM(F6:F25) -> 0 | G27: =SUM(G6:G25) -> 0 | H27: =SUM(H6:H25) -> 0 | I27: =SUM(I6:I25) -> 0 | J27: =SUM(J6:J25) -> 0 | K27: =SUM(K6:K25) -> 0 | L27: =SUM(L6:L25) -> 0 | ... P27: =SUM(P6:P25) -> 0
E32: Bankbestand: | G32: Kassenbestand: | I32: Bestand Sparbuch: | K32: Gesamte Einnahmen: | N32: Gesamte Ausgaben:
K33: Mitgliedsbeiträge | L33: =K27 -> 0 | N33: Büromiete | O33: =N27 -> 0
E34: Einnahmen | F34: =E27 -> 0 | G34: Einnahmen | H34: =G27 -> 0 | I34: Einnahmen | J34: =I27 -> 0 | K34: Spenden | L34: =L27 -> 0 | N34: Mitgliederverwaltung | O34: =O27 -> 0
E35: Ausgaben | F35: =F27 -> 0 | G35: Ausgaben | H35: =H27 -> 0 | I35: Ausgaben | J35: =J27 -> 0 | K35: Zinsen | L35: =M27 -> 0 | N35: Veranstaltungen | O35: =P27 -> 0
D36: Gesamt | E36: Bestand | F36: =F34-F35 -> 0 | G36: Bestand | H36: =H34-H35 -> 0 | I36: Bestand | J36: =J34-J35 -> 0 | K36: Gesamt | L36: =SUM(L33:L35) -> 0 | N36: Gesamt | O36: =SUM(O33:O35) -> 0
E38: Nachweis in: | G38: Nachweis in: | I38: Nachweis in:
E39: Kontoauszüge | G39: Kassenbuch/Journal | I39: Sparbuch
E41: Ergebnis: | G41: Anfangsbestand: | I41: =E6+G6+I6 -> 0 | K41: Ergebnis / Kontrollrechnung | M41: Überschuss | N41: =L36-O36 -> 0
G42: Endbestand: | I42: =F36+H36+J36 -> 0 | N42: Ergebnis muss übereinstimmen
G43: Überschuss | I43: =I42-I41 -> 0

Sheet August
A1: SoVD - Landesverband Schleswig-Holstein e.V. Kassenbuch - Journal - Ortsverband: Jahr: August 2026
E2: Bestandskonten | K2: Einnahmekonten | N2: Ausgabekonten
A3: Datum | B3: Beleg Nr. | C3: Konro Nr. | D3: Vorgang | E3: Bank | F3: Bank | G3: Kasse | H3: Kasse | I3: Sparbuch | J3: Sparbuch | K3: Einnahmen | L3: Einnahmen | M3: Einnahmen | N3: Ausgaben | O3: Ausgaben | P3: Ausgaben
E4: € Ein | F4: € Aus | G4: € Ein | H4: € Aus | I4: € Ein | J4: € Aus | K4: 10 | L4: 30 | M4: 40 | N4: 70 | O4: 80 | P4: 90
K5: Mitgliedsbeiträge | L5: Spenden | M5: Zinsen | N5: Büromiete | O5: Mitgliederverwaltung | P5: Veranstaltungen
A6: 46234 | E6: =Juli!F36 -> 0 | G6: =Juli!H36 -> 0 | I6: =Juli!J36 -> 0
D27: Summen | E27: =SUM(E6:E25) -> 0 | F27: =SUM(F6:F25) -> 0 | G27: =SUM(G6:G25) -> 0 | H27: =SUM(H6:H25) -> 0 | I27: =SUM(I6:I25) -> 0 | J27: =SUM(J6:J25) -> 0 | K27: =SUM(K6:K25) -> 0 | L27: =SUM(L6:L25) -> 0 | ... P27: =SUM(P6:P25) -> 0
E32: Bankbestand: | G32: Kassenbestand: | I32: Bestand Sparbuch: | K32: Gesamte Einnahmen: | N32: Gesamte Ausgaben:
K33: Mitgliedsbeiträge | L33: =K27 -> 0 | N33: Büromiete | O33: =N27 -> 0
E34: Einnahmen | F34: =E27 -> 0 | G34: Einnahmen | H34: =G27 -> 0 | I34: Einnahmen | J34: =I27 -> 0 | K34: Spenden | L34: =L27 -> 0 | N34: Mitgliederverwaltung | O34: =O27 -> 0
E35: Ausgaben | F35: =F27 -> 0 | G35: Ausgaben | H35: =H27 -> 0 | I35: Ausgaben | J35: =J27 -> 0 | K35: Zinsen | L35: =M27 -> 0 | N35: Veranstaltungen | O35: =P27 -> 0
D36: Gesamt | E36: Bestand | F36: =F34-F35 -> 0 | G36: Bestand | H36: =H34-H35 -> 0 | I36: Bestand | J36: =J34-J35 -> 0 | K36: Gesamt | L36: =SUM(L33:L35) -> 0 | N36: Gesamt | O36: =SUM(O33:O35) -> 0
E38: Nachweis in: | G38: Nachweis in: | I38: Nachweis in:
E39: Kontoauszüge | G39: Kassenbuch/Journal | I39: Sparbuch
E41: Ergebnis: | G41: Anfangsbestand: | I41: =E6+G6+I6 -> 0 | K41: Ergebnis / Kontrollrechnung | M41: Überschuss | N41: =L36-O36 -> 0
G42: Endbestand: | I42: =F36+H36+J36 -> 0 | N42: Ergebnis muss übereinstimmen
G43: Überschuss | I43: =I42-I41 -> 0

Sheet September
A1: SoVD - Landesverband Schleswig-Holstein e.V. Kassenbuch - Journal - Ortsverband: Jahr: September 2026
E2: Bestandskonten | K2: Einnahmekonten | N2: Ausgabekonten
A3: Datum | B3: Beleg Nr. | C3: Konto Nr. | D3: Vorgang | E3: Bank | F3: Bank | G3: Kasse | H3: Kasse | I3: Sparbuch | J3: Sparbuch | K3: Einnahmen | L3: Einnahmen | M3: Einnahmen | N3: Ausgaben | O3: Ausgaben | P3: Ausgaben
E4: € Ein | F4: € Aus | G4: € Ein | H4: € Aus | I4: € Ein | J4: € Aus | K4: 10 | L4: 30 | M4: 40 | N4: 70 | O4: 80 | P4: 90
K5: Mitgliedsbeiträge | L5: Spenden | M5: Zinsen | N5: Büromiete | O5: Mitgliederverwaltung | P5: Veranstaltungen
A6: 46265 | E6: =August!F36 -> 0 | G6: =August!H36 -> 0 | I6: =August!J36 -> 0
D27: Summen | E27: =SUM(E6:E25) -> 0 | F27: =SUM(F6:F25) -> 0 | G27: =SUM(G6:G25) -> 0 | H27: =SUM(H6:H25) -> 0 | I27: =SUM(I6:I25) -> 0 | J27: =SUM(J6:J25) -> 0 | K27: =SUM(K6:K25) -> 0 | L27: =SUM(L6:L25) -> 0 | ... P27: =SUM(P6:P25) -> 0
E32: Bankbestand: | G32: Kassenbestand: | I32: Bestand Sparbuch: | K32: Gesamte Einnahmen: | N32: Gesamte Ausgaben:
K33: Mitgliedsbeiträge | L33: =K27 -> 0 | N33: Büromiete | O33: =N27 -> 0
E34: Einnahmen | F34: =E27 -> 0 | G34: Einnahmen | H34: =G27 -> 0 | I34: Einnahmen | J34: =I27 -> 0 | K34: Spenden | L34: =L27 -> 0 | N34: Mitgliederverwaltung | O34: =O27 -> 0
E35: Ausgaben | F35: =F27 -> 0 | G35: Ausgaben | H35: =H27 -> 0 | I35: Ausgaben | J35: =J27 -> 0 | K35: Zinsen | L35: =M27 -> 0 | N35: Veranstaltungen | O35: =P27 -> 0
D36: Gesamt | E36: Bestand | F36: =F34-F35 -> 0 | G36: Bestand | H36: =H34-H35 -> 0 | I36: Bestand | J36: =J34-J35 -> 0 | K36: Gesamt | L36: =SUM(L33:L35) -> 0 | N36: Gesamt | O36: =SUM(O33:O35) -> 0
E38: Nachweis in: | G38: Nachweis in: | I38: Nachweis in:
E39: Kontoauszüge | G39: Kassenbuch/Journal | I39: Sparbuch
E41: Ergebnis: | G41: Anfangsbestand: | I41: =E6+G6+I6 -> 0 | K41: Ergebnis / Kontrollrechnung | M41: Überschuss | N41: =L36-O36 -> 0
G42: Endbestand: | I42: =F36+H36+J36 -> 0 | N42: Ergebnis muss übereinstimmen
G43: Überschuss | I43: =I42-I41 -> 0

Sheet Oktober
A1: SoVD - Landesverband Schleswig-Holstein e.V. Kassenbuch - Journal - Ortsverband: Jahr: Oktober 2026
E2: Bestandskonten | K2: Einnahmekonten | N2: Ausgabekonten
A3: Datum | B3: Beleg Nr. | C3: Konro Nr. | D3: Vorgang | E3: Bank | F3: Bank | G3: Kasse | H3: Kasse | I3: Sparbuch | J3: Sparbuch | K3: Einnahmen | L3: Einnahmen | M3: Einnahmen | N3: Ausgaben | O3: Ausgaben | P3: Ausgaben
E4: € Ein | F4: € Aus | G4: € Ein | H4: € Aus | I4: € Ein | J4: € Aus | K4: 10 | L4: 30 | M4: 40 | N4: 70 | O4: 80 | P4: 90
K5: Mitgliedsbeiträge | L5: Spenden | M5: Zinsen | N5: Büromiete | O5: Mitgliederverwaltung | P5: Veranstaltungen
A6: 46295 | E6: =September!F36 -> 0 | G6: =September!H36 -> 0 | I6: =September!J36 -> 0
D27: Summen | E27: =SUM(E6:E25) -> 0 | F27: =SUM(F6:F25) -> 0 | G27: =SUM(G6:G25) -> 0 | H27: =SUM(H6:H25) -> 0 | I27: =SUM(I6:I25) -> 0 | J27: =SUM(J6:J25) -> 0 | K27: =SUM(K6:K25) -> 0 | L27: =SUM(L6:L25) -> 0 | ... P27: =SUM(P6:P25) -> 0
E32: Bankbestand: | G32: Kassenbestand: | I32: Bestand Sparbuch: | K32: Gesamte Einnahmen: | N32: Gesamte Ausgaben:
K33: Mitgliedsbeiträge | L33: =K27 -> 0 | N33: Büromiete | O33: =N27 -> 0
E34: Einnahmen | F34: =E27 -> 0 | G34: Einnahmen | H34: =G27 -> 0 | I34: Einnahmen | J34: =I27 -> 0 | K34: Spenden | L34: =L27 -> 0 | N34: Mitgliederverwaltung | O34: =O27 -> 0
E35: Ausgaben | F35: =F27 -> 0 | G35: Ausgaben | H35: =H27 -> 0 | I35: Ausgaben | J35: =J27 -> 0 | K35: Zinsen | L35: =M27 -> 0 | N35: Veranstaltungen | O35: =P27 -> 0
D36: Gesamt | E36: Bestand | F36: =F34-F35 -> 0 | G36: Bestand | H36: =H34-H35 -> 0 | I36: Bestand | J36: =J34-J35 -> 0 | K36: Gesamt | L36: =SUM(L33:L35) -> 0 | N36: Gesamt | O36: =SUM(O33:O35) -> 0
E38: Nachweis in: | G38: Nachweis in: | I38: Nachweis in:
E39: Kontoauszüge | G39: Kassenbuch/Journal | I39: Sparbuch
E41: Ergebnis: | G41: Anfangsbestand: | I41: =E6+G6+I6 -> 0 | K41: Ergebnis / Kontrollrechnung | M41: Überschuss | N41: =L36-O36 -> 0
G42: Endbestand: | I42: =F36+H36+J36 -> 0 | N42: Ergebnis muss übereinstimmen
G43: Überschuss | I43: =I42-I41 -> 0

Sheet November
A1: SoVD - Landesverband Schleswig-Holstein e.V. Kassenbuch - Journal - Ortsverband: Jahr: November 2026
E2: Bestandskonten | K2: Einnahmekonten | N2: Ausgabekonten
A3: Datum | B3: Beleg Nr. | C3: Konro Nr. | D3: Vorgang | E3: Bank | F3: Bank | G3: Kasse | H3: Kasse | I3: Sparbuch | J3: Sparbuch | K3: Einnahmen | L3: Einnahmen | M3: Einnahmen | N3: Ausgaben | O3: Ausgaben | P3: Ausgaben
E4: € Ein | F4: € Aus | G4: € Ein | H4: € Aus | I4: € Ein | J4: € Aus | K4: 10 | L4: 30 | M4: 40 | N4: 70 | O4: 80 | P4: 90
K5: Mitgliedsbeiträge | L5: Spenden | M5: Zinsen | N5: Büromiete | O5: Mitgliederverwaltung | P5: Veranstaltungen
A6: 46326 | E6: =Oktober!F36 -> 0 | G6: =Oktober!H36 -> 0 | I6: =Oktober!J36 -> 0
D27: Summen | E27: =SUM(E6:E25) -> 0 | F27: =SUM(F6:F25) -> 0 | G27: =SUM(G6:G25) -> 0 | H27: =SUM(H6:H25) -> 0 | I27: =SUM(I6:I25) -> 0 | J27: =SUM(J6:J25) -> 0 | K27: =SUM(K6:K25) -> 0 | L27: =SUM(L6:L25) -> 0 | ... P27: =SUM(P6:P25) -> 0
E32: Bankbestand: | G32: Kassenbestand: | I32: Bestand Sparbuch: | K32: Gesamte Einnahmen: | N32: Gesamte Ausgaben:
K33: Mitgliedsbeiträge | L33: =K27 -> 0 | N33: Büromiete | O33: =N27 -> 0
E34: Einnahmen | F34: =E27 -> 0 | G34: Einnahmen | H34: =G27 -> 0 | I34: Einnahmen | J34: =I27 -> 0 | K34: Spenden | L34: =L27 -> 0 | N34: Mitgliederverwaltung | O34: =O27 -> 0
E35: Ausgaben | F35: =F27 -> 0 | G35: Ausgaben | H35: =H27 -> 0 | I35: Ausgaben | J35: =J27 -> 0 | K35: Zinsen | L35: =M27 -> 0 | N35: Veranstaltungen | O35: =P27 -> 0
D36: Gesamt | E36: Bestand | F36: =F34-F35 -> 0 | G36: Bestand | H36: =H34-H35 -> 0 | I36: Bestand | J36: =J34-J35 -> 0 | K36: Gesamt | L36: =SUM(L33:L35) -> 0 | N36: Gesamt | O36: =SUM(O33:O35) -> 0
E38: Nachweis in: | G38: Nachweis in: | I38: Nachweis in:
E39: Kontoauszüge | G39: Kassenbuch/Journal | I39: Sparbuch
E41: Ergebnis: | G41: Anfangsbestand: | I41: =E6+G6+I6 -> 0 | K41: Ergebnis / Kontrollrechnung | M41: Überschuss | N41: =L36-O36 -> 0
G42: Endbestand: | I42: =F36+H36+J36 -> 0 | N42: Ergebnis muss übereinstimmen
G43: Überschuss | I43: =I42-I41 -> 0

Sheet Dezember
A1: SoVD - Landesverband Schleswig-Holstein e.V. Kassenbuch - Journal - Ortsverband: Jahr: Dezember 2026
E2: Bestandskonten | K2: Einnahmekonten | N2: Ausgabekonten
A3: Datum | B3: Beleg Nr. | C3: Konto Nr. | D3: Vorgang | E3: Bank | F3: Bank | G3: Kasse | H3: Kasse | I3: Sparbuch | J3: Sparbuch | K3: Einnahmen | L3: Einnahmen | M3: Einnahmen | N3: Ausgaben | O3: Ausgaben | P3: Ausgaben
E4: € Ein | F4: € Aus | G4: € Ein | H4: € Aus | I4: € Ein | J4: € Aus | K4: 10 | L4: 30 | M4: 40 | N4: 70 | O4: 80 | P4: 90
K5: Mitgliedsbeiträge | L5: Spenden | M5: Zinsen | N5: Büromiete | O5: Mitgliederverwaltung | P5: Veranstaltungen
A6: 46356 | E6: =November!F36 -> 0 | G6: =November!H36 -> 0 | I6: =November!J36 -> 0
D27: Summen | E27: =SUM(E6:E25) -> 0 | F27: =SUM(F6:F25) -> 0 | G27: =SUM(G6:G25) -> 0 | H27: =SUM(H6:H25) -> 0 | I27: =SUM(I6:I25) -> 0 | J27: =SUM(J6:J25) -> 0 | K27: =SUM(K6:K25) -> 0 | L27: =SUM(L6:L25) -> 0 | ... P27: =SUM(P6:P25) -> 0
E32: Bankbestand: | G32: Kassenbestand: | I32: Bestand Sparbuch: | K32: Gesamte Einnahmen: | N32: Gesamte Ausgaben:
K33: Mitgliedsbeiträge | L33: =K27 -> 0 | N33: Büromiete | O33: =N27 -> 0
E34: Einnahmen | F34: =E27 -> 0 | G34: Einnahmen | H34: =G27 -> 0 | I34: Einnahmen | J34: =I27 -> 0 | K34: Spenden | L34: =L27 -> 0 | N34: Mitgliederverwaltung | O34: =O27 -> 0
E35: Ausgaben | F35: =F27 -> 0 | G35: Ausgaben | H35: =H27 -> 0 | I35: Ausgaben | J35: =J27 -> 0 | K35: Zinsen | L35: =M27 -> 0 | N35: Veranstaltungen | O35: =P27 -> 0
D36: Gesamt | E36: Bestand | F36: =F34-F35 -> 0 | G36: Bestand | H36: =H34-H35 -> 0 | I36: Bestand | J36: =J34-J35 -> 0 | K36: Gesamt | L36: =SUM(L33:L35) -> 0 | N36: Gesamt | O36: =SUM(O33:O35) -> 0
E38: Nachweis in: | G38: Nachweis in: | I38: Nachweis in:
E39: Kontoauszüge | G39: Kassenbuch/Journal | I39: Sparbuch
E41: Ergebnis: | G41: Anfangsbestand: | I41: =E6+G6+I6 -> 0 | K41: Ergebnis / Kontrollrechnung | M41: Überschuss | N41: =L36-O36 -> 0
G42: Endbestand: | I42: =F36+H36+J36 -> 0 | N42: Ergebnis muss übereinstimmen
G43: Überschuss | I43: =I42-I41 -> 0

Sheet Kassenbericht
B1: Sozialverband Deutschland
B2: Landesverband Schleswig-Holstein
B3: Kassenbericht
B4: für das Kalenderjahr | D4: 2026 | H4: 1. Original an OV
B5: Ortsverband | D5: xxx | H5: 2. Kopie an KV
B6: Ortsverband-Nr. | D6: 09 0xx 0xx
B8: Bestandskonten am 31.12.2025
B9: Bank - Girokonto | F9: =Januar!E6 -> 0
B10: Kasse - Bargeld | F10: =Januar!G6 -> 0
B11: Sparkonto | F11: =Januar!I6 -> 0
G12: Gesamt: | H12: =SUM(F9:G11) -> 0
B14: Einnahmekonten
B15: 10 | C15: Mitgliedsbeiträge | F15: =Januar!L33+Februar!L33+März!L33+April!L33+Mai!L34+Juni!L33+Juli!L33+August!L33+September!L33+Oktober!L33+November!L33+Dezember!L33 -> 0
B16: 30 | C16: Spenden | F16: =Januar!L34+Februar!L34+März!L34+April!L34+Mai!L35+Juni!L34+Juli!L34+August!L34+September!L34+Oktober!L34+November!L34+Dezember!L34 -> 0
B17: 40 | C17: Zinsen | F17: =Januar!L35+Februar!L35+März!L35+April!L35+Mai!L36+Juni!L35+Juli!L35+August!L35+September!L35+Oktober!L35+November!L35+Dezember!L35 -> 0
G18: Gesamt: | H18: =SUM(F15:G17) -> 0
B20: Ausgabekonten
B21: 70 | C21: Büromiete | F21: =Januar!O33+Februar!O33+März!O33+April!O33+Mai!O34+Juni!O33+Juli!O33+August!O33+September!O33+Oktober!O33+November!O33+Dezember!O33 -> 0
B22: 80 | C22: Mitgliederverwaltung | F22: =Januar!O34+Februar!O34+März!O34+April!O34+Mai!O35+Juni!O34+Juli!O34+August!O34+September!O34+Oktober!O34+November!O34+Dezember!O34 -> 0
B23: 90 | C23: Veranstaltungen | F23: =Januar!O35+Februar!O35+März!O35+April!O35+Mai!O36+Juni!O35+Juli!O35+August!O35+September!O35+Oktober!O35+November!O35+Dezember!O35 -> 0
G24: Gesamt: | H24: =SUM(F21:G23) -> 0
B26: Soll-Bestand am 31.12.2026 | H26: =H12+H18-H24 -> 0
B27: Nachweis des Soll-Besandes durch Kassenbestände
B28: Bestand Jahresende am 31.12.2026
B29: Bank - Girokonto | F29: =Dezember!F36 -> 0
B30: Kasse - Bargeld | F30: =Dezember!H36 -> 0
B31: Sparkonto | F31: =Dezember!J36 -> 0
G32: Gesamt: | H32: =SUM(F29:G31) -> 0
B35: Inventar- bzw. Sachwerte
B36: 1. | F36: 0
B37: 2. | F37: 0
B38: 3. | F38: 0
B39: 4. | F39: 0
G40: Gesamt: | H40: =SUM(F36:G39) -> 0
B42: Ort, Datum
E44: Vorsitzende*r | H44: Schatzmeister*in
B46: Geprüft:
C48: Revisor*in | E48: Revisor*in | H48: Revisor*in
I49: Stand: Dezember 2025
